 Dungeon Crawl Stone Soup version 0.20-a0-1026-gc3ddcbd (webtiles) character file.

297 Jarlath the Chiller (level 6, -2/32 HPs)
             Began as a Deep Elf Ice Elementalist on Apr 20, 2017.
             Was an Initiate of Vehumet.
             Slain by Grinder (4 damage)
             ... while paralysed by Grinder
             ... on level 4 of the Dungeon.
             The game lasted 00:05:45 (5570 turns).

Jarlath the Chiller (Deep Elf Ice Elementalist)     Turns: 5570, Time: 00:05:45

Health: -2/32      AC:  2    Str:  7    XL:     6   Next: 12%
Magic:  14/14      EV:  2    Int: 22    God:    Vehumet [......]
Gold:   126        SH:  0    Dex: 15    Spells: 5/13 levels left

rFire    x . .     SeeInvis .   e - +1 trident (venom)
rCold    + . .     Gourm    .   (no shield)
rNeg     . . .     Faith    .   a - +0 robe
rPois    .         Spirit   .   (no helmet)
rElec    .         Reflect  .   (no cloak)
rCorr    .         Harm     .   (no gloves)
MR       .....                  (no boots)
Stlth    +++.......             (no amulet)
Regen    0.0/turn               f - ring of ice
MPRegen  0.2/turn               k - ring of stealth

@: paralysed, flying
A: talons 1, inhibited regeneration, strong 1
a: Renounce Religion


You were on level 4 of the Dungeon.
You worshipped Vehumet.
Vehumet was noncommittal.
You were very hungry.

You visited 1 branch of the dungeon, and saw 4 of its levels.

You collected 126 gold pieces.

Inventory:

Hand Weapons
 e - a +1 trident of venom (weapon)
Armour
 a - a +0 robe (worn)
Jewellery
 f - a ring of ice (left hand)
 k - a ring of stealth (right hand)
Scrolls
 d - 2 scrolls of magic mapping
 j - a scroll of enchant armour {unknown}
 n - 2 scrolls of teleportation
 o - a scroll of fear
Potions
 i - a potion of haste
Books
 b - a book of Frost

   Spells                             Type                      Level
   a - Freeze                         Ice                          1
   b - Throw Frost                    Conjuration/Ice              2
   c - Ozocubu's Armour               Charms/Ice                   3
   d - Throw Icicle                   Conjuration/Ice              4
   e - Summon Ice Beast               Ice/Summoning                4
Comestibles
 c - 2 bread rations
 h - a meat ration
 l - 8 fruits


   Skills:
 - Level 2.4 Dodging
 - Level 2.4 Stealth
 + Level 4.4 Spellcasting
 * Level 2.1 Conjurations
 + Level 6.7 Ice Magic


You had 5 spell levels left.
You knew the following spells:

 Your Spells              Type           Power        Failure   Level  Hunger
a - Freeze                Ice            ####         1%          1    None
b - Ozocubu's Armour      Chrm/Ice       ####....     8%          3    ##.....
c - Throw Icicle          Conj/Ice       #####...     17%         4    ####...


Dungeon Overview and Level Annotations

Branches:
Dungeon (4/15)
 Temple: D:4-7

Altars:
Dithmenos
Okawaru
Sif Muna
Trog
Vehumet
Wu Jian

Annotations:
D:3 fearitself's ghost, amateur BaTm
D:4 Grinder


Innate Abilities, Weirdness & Mutations

You have sharp toenails.
You do not regenerate when monsters are visible.
Your muscles are strong. (Str +2)


Message History

There is a stone staircase leading down here.
g - a brown potion
There is a stone staircase leading up here.
You hit Grinder.
Grinder is lightly wounded.
Grinder hits you.
You writhe in agony.
You closely miss Grinder.
Grinder is lightly wounded.
Grinder closely misses you.
It was a potion of flight.
You feel very buoyant.
You fly up into the air.
Grinder closely misses you.
You closely miss Grinder. You claw Grinder, but do no damage.
Grinder is lightly wounded.
Grinder gestures at you.
You suddenly lose the ability to move!
Grinder hits you!
You writhe in agony.
Grinder hits you!
* * * LOW HITPOINT WARNING * * *
You writhe in agony.
You die...

#..##...#.........#.###.#
...#..............#.###.##
##.#.##.#........##.#_...##
#.#.##.#####....'..#...._#
#......# #...###.#_...##
###.#### #...# #.###.## #.#
###...###.###.# ####.#
#.......#..#..# ...).#
##.....@.##...## ..[####
#.......5###.##
##.[..####!.###...# #_#
##................# ### .#
##....####........#######
.##. ##.#.##
#..............###....
##.#.###
#.......#####......#
.......# ###.....#
#........# #.##.#.###
#.....# #.#..##..#


You could see Grinder.

Vanquished Creatures
  A crimson imp (D:3)
  A hound (D:4)
  An orc priest (D:4)
  2 iguanas (D:4)
  An orc wizard (D:4)
  Robin (D:2)
  2 adders (D:2)
  An adder skeleton (D:4)
  A worm (D:4)
  2 dart slugs (D:1)
  2 leopard geckos
  8 orcs
  2 ball pythons (D:1)
  5 giant cockroaches
  14 goblins
  8 hobgoblins
  5 jackals
  8 kobolds
  2 quokkas (D:2)
  3 frilled lizards
  8 rats
78 creatures vanquished.

Notes
Turn   | Place    | Note
-------+----------+-------------------------------------------
     0 | D:1      | Jarlath the Deep Elf Ice Elementalist began the quest for the Orb.
     0 | D:1      | Reached XP level 1. HP: 10/10 MP: 6/6
   182 | D:1      | Reached XP level 2. HP: 2/15 MP: 0/8
   625 | D:1      | Reached skill level 4 in Ice Magic
   969 | D:2      | Reached XP level 3. HP: 19/19 MP: 8/10
  1030 | D:2      | Learned a level 3 spell: Ozocubu's Armour
  1415 | D:2      | Noticed Robin
  2463 | D:2      | Killed Robin
  2479 | D:2      | Gained mutation: You have sharp toenails. [potion of mutation]
  2479 | D:2      | Gained mutation: You do not regenerate when monsters are visible. [potion of mutation]
  2479 | D:2      | Gained mutation: Your muscles are strong. (Str +2) [potion of mutation]
  2505 | D:2      | Reached XP level 4. HP: 10/24 MP: 2/11
  2506 | D:2      | Reached skill level 5 in Ice Magic
  3811 | D:3      | Reached XP level 5. HP: 21/28 MP: 9/12
  3844 | D:3      | Learned a level 4 spell: Throw Icicle
  3964 | D:3      | Reached skill level 6 in Ice Magic
  4219 | D:3      | Noticed fearitself's ghost (amateur BaTm)
  4834 | D:4      | Reached XP level 6. HP: 23/32 MP: 1/14
  4968 | D:4      | Noticed Grinder
  4971 | D:4      | Found a shadowy altar of Dithmenos.
  5368 | D:4      | Found a radiant altar of Vehumet.
  5368 | D:4      | Found an ornate altar of the Wu Jian Council.
  5373 | D:4      | Found a deep blue altar of Sif Muna.
  5375 | D:4      | Found a bloodstained altar of Trog.
  5377 | D:4      | Found an iron altar of Okawaru.
  5383 | D:4      | Became a worshipper of Vehumet
  5569 | D:4      | Paralysed by Grinder for 7 turns
  5570 | D:4      | Slain by Grinder

Vault maps used:
D:1:      onia_arrival_handbag
D:2:      uniq_robin
D:3:      uniq_sigmund, uniq_jessica, uniq_natasha
D:4:      chequers_temple_overflow_minitemple, first_bread,
          nicolae_dithmenos_shadow_blocks, uniq_grinder

Skill      XL: |  1  2  3  4  5 |
---------------+----------------+-----
Ice Magic      | 4 5 6 |  6.7
Spellcasting   | 4 |  4.4
Conjurations   | 2 |  2.1
Dodging        | |  2.4
Stealth        | |  2.4

Action                   |  1- 3 |  4- 6 || total
-------------------------+-------+-------++-------
Melee: Unarmed           |    23 |    17 ||    40
       Kick              |     1 |     2 ||     3
       Trident           |       |     3 ||     3
 Cast: Freeze            |    64 |    67 ||   131
       Throw Icicle      |       |     3 ||     3
  Use: Potion            |     4 |     4 ||     8
       Scroll            |     6 |     2 ||     8
 Stab: Sleeping          |     2 |       ||     2
  Eat: Bread ration      |     1 |       ||     1
       Chunk             |       |     9 ||     9
Armor: Robe              |    11 |     5 ||    16
Dodge: Dodged            |    62 |    54 ||   116
